 Dungeon Sprint DCSS version 0.30-a0-465-g8901f6c8b5 (webtiles) character file.

Game seed: 16533281196034560682

12 NinjaNoafa the Fighter (level 6, -1/65 HPs)
             Began as a Merfolk Monk on Dec 18, 2022.
             Was a Priest of Wu Jian.
             Succumbed to a redback's poison
             ... in the Dungeon (Sprint VI: "Thunderdome").
             The game lasted 00:03:00 (172 turns).

NinjaNoafa the Fighter (Merfolk Monk)                Turns: 172, Time: 00:03:01

Health: -1/65      AC:  2    Str: 11    XL:     6   Next: 73%
Magic:  6/6        EV: 16    Int: 10    God:    Wu Jian [***...]
Gold:   220        SH:  0    Dex: 18    Spells: 5/5 levels left

rFire   . . .      SeeInvis .    a - +0 falchion
rCold   . . .      Faith    .    (no shield)
rNeg    . . .      Spirit   .    b - +0 robe
rPois   .          Reflect  .    (no helmet)
rElec   .          Harm     .    (no cloak)
rCorr   .          Rampage  .    (no gloves)
Will    .....      NoTele   +    (no boots)
Stlth   +.........               (no amulet)
HPRegen 0.30/turn                (no ring)
MPRegen 0.10/turn                (no ring)

@: confused, lethally poisoned (-1 -> -30), ambrosia-drunk, on berserk cooldown,
slowed, very slow
A: (nimble swimmer 2), mertail
a: Renounce Religion, Wall Jump, Serpent's Lash


You were in the Dungeon.
You worshipped Wu Jian.
Wu Jian was most pleased with you.
You visited 1 branch You collected 220 gold pieces.

Inventory:

Hand Weapons
 a - a +0 falchion (weapon)
Armour
 b - a +0 robe (worn)
Wands
 k - a wand of light (2)
 l - a wand of roots (2)
Scrolls
 i - 3 scrolls of blinking
 m - 3 scrolls of fog
Potions
 f - 4 potions of haste
 g - 2 potions of magic
 j - a potion of resistance


   Skills:
 + Level 12.7 Fighting
 - Level 8.7 Long Blades
 - Level 7.2 Dodging
 - Level 2.1 Stealth


You had 5 spell levels left.
You didn't know any spells.
Your spell library was empty.

Dungeon Overview and Level Annotations

Branches:
Dungeon (1/1)

Altars:
Fedhas
Gozag
Kikubaaqudgha
Okawaru
Ru
Sif Muna
Trog
Uskayaw
Vehumet
Wu Jian
Xom
Yredelemnul
Zin
The Shining One
Lugonu

Shops:
D *[??*?*:[((


Innate Abilities, Weirdness & Mutations

((You are very nimble when in or above water. (Stealth+, EV+, Speed+++)))
Your lower body shifts to a powerful aquatic tail in water.


Message History

The killer bee closely misses you.
You miss the killer bee.
You feel sick. The killer bee barely misses you.
The killer bee closely misses you.
You miss the killer bee.
You feel sick. The killer bee misses you. The killer bee closely misses you.
A redback comes into view.
The killer bee misses you.
Aiming: Wall Jump
Press: ? - help, Dir - move target You repeatedly attack the killer bee from above.
You barely miss the killer bee. You hit the killer bee.
The killer bee is moderately wounded.
You miss the killer bee.
The killer bee is moderately wounded.
You feel sick.
You are no longer poisoned.
The killer bee barely misses you. The killer bee stings you.
* * * LOW HITPOINT WARNING * * *
You are poisoned.
The killer bee poisons you! The killer bee closely misses you.
The killer bee barely misses you. x2; The redback closely misses you.
The killer bee barely misses you.
You are too injured to fight recklessly!
You feel much better.
You feel very sick. The killer bee misses you. The redback barely misses you.
The killer bee misses you. The redback bites you!
You are lethally poisoned!
The redback poisons you! The killer bee stings you!
* * * LOW HITPOINT WARNING * * *
Okay, then.
Blink to where?
Press: ? - help, Dir - move target
As you read the scroll of blinking, it crumbles to dust.
* * * LOW HITPOINT WARNING * * *
You feel extremely sick.
You are confused.
You feel invigorated.
You die...

######.8.........8.#
##..__....ys###......
###∩........8.# .8...
##.............###....
#⌠..........###...# #.
#⌠..........# #.<.# ...
#⌠..........###...###....
##.............###........
###∩....@...8.# #.8......
##∩__.......###......_
######.8.........8.#
#⌠...........⌠#
###.........###
#_....†.._# #_......._#
#_......[.# #∩.......∩#


You could see a redback and a killer bee.

Vanquished Creatures
  2 water moccasins (D)
  A black bear (D)
  A scorpion (D)
  2 adders (D)
  An orc (D)
  A hobgoblin (D)
8 creatures vanquished.

Notes
Turn   | Place    | Note
-------+----------+-------------------------------------------
     0 | D        | NinjaNoafa the Merfolk Monk began the quest for the Orb.
     0 | D        | Reached XP level 1. HP: 18/18 MP: 1/1
     2 | D        | Found a bloodstained altar of Trog.
     3 | D        | Found a sacrificial altar of Ru.
     3 | D        | Found a basalt altar of Yredelemnul.
     4 | D        | Found a blossoming altar of Fedhas.
     5 | D        | Found a glowing silver altar of Zin.
     5 | D        | Found an ornate altar of the Wu Jian Council.
     5 | D        | Found Joavvuc's Premium Goods.
     5 | D        | Found Cirieno's Weapon Rack.
     5 | D        | Round 1.
     6 | D        | Found Taluenk's Miscellaneous Merchandise.
     6 | D        | Found Kaebaag's Basic Armour.
     7 | D        | Found an iron altar of Okawaru.
     7 | D        | Noticed a black bear
    13 | D        | Found a shimmering blue altar of Sif Muna.
    17 | D        | Killed a black bear
    18 | D        | Reached skill level 5 in Fighting
    18 | D        | Reached XP level 2. HP: 8/28 MP: 2/2
    18 | D        | Reached XP level 3. HP: 9/34 MP: 3/3
    18 | D        | Reached XP level 4. HP: 11/40 MP: 4/4
    23 | D        | Became a worshipper of the Wu Jian Council
    23 | D        | Reached * piety under Wu Jian
    23 | D        | Reached ** piety under Wu Jian
    36 | D        | Reached skill level 6 in Fighting
    56 | D        | Arena points: 12 (+12) [x2]
   106 | D        | Found Qeqiden's Identification Station.
   106 | D        | Found Iqeuhu's Advanced Armour.
   107 | D        | Found Ricuegus's Jewellery.
   112 | D        | Found a shimmering altar of Xom.
   112 | D        | Found a hide-covered altar of Uskayaw.
   123 | D        | Round 2.
   124 | D        | Found an ancient bone altar of Kikubaaqudgha.
   126 | D        | Found a glowing golden altar of the Shining One.
   126 | D        | Found Jint's Magic Scroll Shop.
   126 | D        | Found Weuniam's Magic Scroll Shop.
   127 | D        | Found Dimir's Must-Have Magic.
   127 | D        | Noticed a water moccasin
   128 | D        | Found an opulent altar of Gozag.
   128 | D        | Found a corrupted altar of Lugonu.
   128 | D        | Found a radiant altar of Vehumet.
   128 | D        | Found Vuaraups's Staff Store.
   142 | D        | Noticed a scorpion
   147 | D        | Noticed a water moccasin
   148 | D        | Killed a water moccasin
   148 | D        | Reached *** piety under Wu Jian
   149 | D        | Reached skill level 9 in Fighting
   149 | D        | Reached XP level 5. HP: 17/53 MP: 5/5
   155 | D        | Reached skill level 11 in Fighting
   155 | D        | Reached XP level 6. HP: 16/62 MP: 6/6
   164 | D        | Killed a water moccasin
   165 | D        | Reached skill level 12 in Fighting
   168 | D        | Noticed a redback
   172 | D        | Succumbed to a redback's poison

Illustrated notes

Levels and vault maps discovered:
D:        arena_sprint

Skill      XL: |  1  2  3  4  5  6 |
---------------+-------------------+-----
Fighting       | 5 9 11 12 | 12.7
Long Blades    | 8 |  8.7
Dodging        | 6 7 |  7.2
Stealth        | |  2.1

Action                   |  1- 3 |  4- 6 || total
-------------------------+-------+-------++-------
Melee: Falchion          |     2 |    37 ||    39
Invok: Lunge             |       |     4 ||     4
 Abil: Wall Jump         |       |     3 ||     3
Evoke: Wand              |     3 |     3 ||     6
  Use: Potion            |       |     7 ||     7
       Scroll            |       |     1 ||     1
Armor: Robe              |     1 |     1 ||     2
Dodge: Dodged            |     5 |    51 ||    56

Table legend: (Time is in decaauts)
 A = Elapsed time spent in this place.
 B = Non-inter-level travel time spent in this place.
 C = Inter-level travel time spent in this place.
 D = Time resting spent in this place.
 E = Time spent auto-exploring this place.
 F = Levels seen in this place.
 G = Mean time per level.
                   A        B        C        D        E       F      G
               +--------+--------+--------+--------+--------+-----+--------+
         Total |    176 |    176 |      0 |      0 |     80 |   1 |  176.0 |
       Dungeon |    176 |    176 |      0 |      0 |     80 |   1 |  176.0 |
               +--------+--------+--------+--------+--------+-----+--------+

Top non-repeatable levels by time:
       D: 176 daAuts
